 Dungeon Crawl Stone Soup version 0.29.1-15-g9cfb28693d (webtiles) character file.

Game seed: 18152125861204573420

5 leafyfresh the Sneak (level 1, -2/16 HPs)
             Began as an Octopode Delver on Mar 4, 2023.
             Slain by an ufetubus (3 damage)
             ... on level 5 of the Dungeon.
             The game lasted 00:00:05 (17 turns).

leafyfresh the Sneak (Octopode Delver)                Turns: 17, Time: 00:00:07

Health: -2/16      AC:  1    Str: 11    XL:     1   Next: 80%
Magic:  1/1        EV: 13    Int: 12    God:
Gold:   0          SH:  0    Dex: 13    Spells: 0/0 levels left

rFire   . . .      SeeInvis .   a - +0 short sword
rCold   . . .      Faith    .   (no shield)
rNeg    . . .      Spirit   .   (helmet restricted)
rPois   .          Reflect  .   (no amulet)
rElec   .          Harm     .   (no ring)
rCorr   .          Rampage  .   (no ring)
Will    .....                   (no ring)
Stlth   ++++......              (no ring)
HPRegen 0.05/turn               (no ring)
MPRegen 0.07/turn               (no ring)
                                (no ring)
                                (no ring)

@: no status effects
A: almost no armour, amphibious, 8 rings, camouflage 1, gelatinous body 1,
(nimble swimmer 1), tentacles
a: no special abilities


You were on level 5 of the Dungeon.
You visited 1 branch of the dungeon, and saw 1 of its levels.

Inventory:

Hand Weapons
 a - a +0 short sword (weapon)
Wands
 f - a wand of digging (3)
Scrolls
 b - a scroll of fog
 c - a scroll of magic mapping
 d - a scroll of fear
Potions
 e - a potion of haste


   Skills:
 + Level 3.1 Fighting
 - Level 2.0 Short Blades
 + Level 2.1 Dodging
 + Level 6.7 Stealth


You couldn't memorise any spells.
You didn't know any spells.
Your spell library was empty.

Dungeon Overview and Level Annotations

Branches:
Dungeon (5/15)
 Temple: D:4-7

Altars:


Innate Abilities, Weirdness & Mutations

You cannot wear most types of armour.
You are amphibious.
You can wear up to eight rings at the same time.
Your skin changes colour to match your surroundings (Stealth+).
Your rubbery body absorbs attacks. (AC +1, EV +1)
((You are camouflaged when in or above water. (Stealth+)))
You have tentacles for arms and can constrict up to eight enemies at once.


Message History

An ufetubus comes into view.
An ufetubus comes into view.
The ufetubus moves out of view.
An ufetubus is nearby!
Found 2 silvery potions.
The ufetubus shouts!
An adder comes into view.
There are monsters nearby!
There are monsters nearby!
You closely miss the ufetubus.
The ufetubus shouts!
Your grab misses the ufetubus. The ufetubus closely misses you. x2
You miss the ufetubus. You grab the ufetubus.
You constrict the ufetubus, but do no damage.
The ufetubus hits you. The ufetubus barely misses you.
The teleport trap disappears.
The adder disappears!
The ufetubus hits you. The ufetubus closely misses you.
You hit the ufetubus.
The ufetubus is moderately wounded.
You constrict the ufetubus. The ufetubus hits you.
The ufetubus barely misses you. The ufetubus misses you. x2
You are too injured to fight recklessly!
You are too injured to fight recklessly!
Unknown command.
You hit the ufetubus.
You kill the ufetubus!
The ufetubus closely misses you. The ufetubus hits you.
* * * LOW HITPOINT WARNING * * *
The ufetubus completely misses you.
The ufetubus hits you but does no damage.
The ufetubus closely misses you. The ufetubus barely misses you.
The ufetubus closely misses you. The ufetubus hits you.
* * * LOW HITPOINT WARNING * * *
You hit the ufetubus but do no damage. Your grab misses the ufetubus.
You squeeze the ufetubus.
The ufetubus is lightly wounded.
The ufetubus hits you.
* * * LOW HITPOINT WARNING * * *
The ufetubus hits you.
You die...

..........#
..........# ..
..........##..#
...........#.# .
...!.........##...
.....................
.............##.....
.......@5.......#...
#.............# #..
#.###.........# #..
##..##....###.# ##
#..##.....##.# ..#
#...#$.....#>##....
..$................
#.....#..#...###....
#........#...# ...


You could see an ufetubus.

Vanquished Creatures
  An ufetubus (D:5)
1 creature vanquished.

Notes
Turn   | Place    | Note
-------+----------+-------------------------------------------
     0 | D:5      | leafyfresh the Octopode Delver began the quest for the Orb.
     0 | D:5      | Reached XP level 1. HP: 16/16 MP: 1/1
    17 | D:5      | Slain by an ufetubus

Illustrated notes

Levels and vault maps discovered:
D:5:      layout_rooms, corner_web_ring, minmay_misc_feat_pillars, uniq_ijyb

Action                   || total
-------------------------++-------
Melee: Short sword       ||     5
       Constrict         ||     1
       Tentacles         ||     1
Armor: Skin              ||     1
Dodge: Dodged            ||    12
